 Dungeon Crawl Stone Soup version 0.28-a0-1033-g1a2f33fa85 (webtiles) character file.

Game seed: 16302444575845784210

1754 Redcow54321 the Cleaver (level 8, -5/64 HPs)
             Began as a Minotaur Fighter on Dec 7, 2021.
             Engulfed by a steam dragon's steam (8 damage)
             ... on level 7 of the Dungeon.
             The game lasted 00:11:54 (8335 turns).

Redcow54321 the Cleaver (Minotaur Fighter)          Turns: 8335, Time: 00:11:55

Health: -5/64      AC:  5    Str: 24    XL:     8   Next: 78%
Magic:  6/6        EV: 14    Int:  5    God:
Gold:   419        SH:  0    Dex: 11    Spells: 7/7 levels left

rFire   . . .      SeeInvis .   a - +0 war axe
rCold   . . .      Faith    .   (no shield)
rNeg    + . .      Spirit   .   f - +0 ring mail
rPois   .          Reflect  .   (helmet restricted)
rElec   .          Harm     .   (no cloak)
rCorr   +          Rampage  .   (no gloves)
Will    .....                   (no boots)
Stlth   +.........              (no amulet)
HPRegen 0.20/turn               t - ring of Amelioration {rN+ rCorr Str+2}
MPRegen 0.10/turn               s - ring "Remaac" {rCorr EV+4}

@: no status effects
A: horns 2, retaliatory headbutt, low mp 1, passive freeze, screaming 1
a: no special abilities


You were on level 7 of the Dungeon.
You visited 1 branch of the dungeon, and saw 7 of its levels.

You collected 419 gold pieces.

Inventory:

Hand Weapons
 a - a +0 war axe (weapon)
Armour
 c - a +0 buckler
 f - a +0 ring mail (worn)
Jewellery
 b - a ring of magical power
 s - the ring "Remaac" (right hand) {rCorr EV+4}
   (You found it on level 4 of the Dungeon)

   [ring of evasion]

   EV:        It affects your evasion (+4).
   rCorr:     It protects you from acid and corrosion.
 t - the ring of Amelioration (left hand) {rN+ rCorr Str+2}
   (You found it on level 4 of the Dungeon)

   [ring of resist corrosion]

   Str:       It affects your strength (+2).
   rN:        It protects you from negative energy.
   rCorr:     It protects you from acid and corrosion.
Wands
 l - a wand of acid (1)
Scrolls
 h - a scroll of immolation {unknown}
 j - a scroll of teleportation {unknown}
 k - 2 scrolls of identify
 n - 2 scrolls of enchant armour {unknown}
 o - a scroll of holy word {unknown}
 p - a scroll of fog {unknown}
 q - a scroll of brand weapon {unknown}
 r - 2 scrolls of magic mapping {unknown}
Potions
 d - a potion of might
 e - a potion of brilliance
 g - 2 potions of haste
 i - 3 potions of curing
 m - 3 potions of lignification
 u - a potion of flight
 w - a potion of attraction


   Skills:
 - Level 3.6 Fighting
 * Level 13.5 Axes
 - Level 3.6 Armour
 - Level 3.6 Shields


You had 7 spell levels left.
You didn't know any spells.
Your spell library contained the following spells:

 Spells                   Type           Power      Damage    Failure   Level
 Beastly Appendage        Tmut           0%         N/A       63%         1
 Magic Dart               Conj           0%         1d3       63%         1
 Sandblast                Erth           0%         2d4       63%         1
 Call Imp                 Summ           0%         N/A       77%         2
 Corpse Rot               Necr/Air       0%         N/A       77%         2
 Poisonous Vapours        Pois/Air       0%         N/A       77%         2
 Mephitic Cloud           Conj/Pois/Air  0%         N/A       94%         3
 Portal Projectile        Hex/Tloc       0%         N/A       94%         3
 Summon Lightning Spire   Summ/Air       0%         N/A       100%        4
 Blade Hands              Tmut           0%         N/A       100%        5
 Excruciating Wounds      Necr           0%         N/A       100%        5
 Chain Lightning          Conj/Air       0%         N/A       100%        9


Dungeon Overview and Level Annotations

Branches:
Dungeon (7/15)             Temple (0/1) D:5

Altars:
Sif Muna
Trog
Vehumet

Portals:
Abyss: D:5

Annotations:
D:5 2 transporters, AttackTheMoon's ghost, weakling OpDe
D:6 Blork the orc


Innate Abilities, Weirdness & Mutations

You have a pair of horns on your head.
You reflexively headbutt those who attack you in melee.
Your magical capacity is low. (-10% MP)
A frigid envelope surrounds you and freezes all who hurt you.
You occasionally shout uncontrollably at your foes.


Message History

The howler monkey zombie is moderately damaged.
The howler monkey zombie hits you but does no damage.
The howler monkey zombie resists.
The howler monkey zombie is very cold.
The howler monkey zombie is moderately damaged.
You slash the howler monkey zombie!
You destroy the howler monkey zombie!
No target in view!
Found 23 stones.
You open the door.
Found a stone staircase leading down.
There is an open door here.
You open the door.
A steam dragon comes into view.
The steam dragon hisses angrily.
A steam dragon is nearby!
A steam dragon is nearby!
There is an open door here.
The steam dragon breathes steam at you. The ball of steam hits you!!
You hit the steam dragon.
You headbutt the steam dragon, but do no damage.
The steam dragon is lightly wounded.
You are engulfed in a cloud of scalding steam.
The steam dragon bites you!
The steam dragon is very cold.
The steam dragon is moderately wounded.
The steam dragon completely misses you.
You completely miss the steam dragon.
The steam dragon is moderately wounded.
You are engulfed in a cloud of scalding steam.
The steam dragon breathes steam at you. The ball of steam hits you!!
* * * LOW HITPOINT WARNING * * *
You hit the steam dragon but do no damage.
The steam dragon is moderately wounded.
You are engulfed in a cloud of scalding steam.
* * * LOW HITPOINT WARNING * * *
You slash the steam dragon! You headbutt the steam dragon.
The steam dragon is heavily wounded.
You are engulfed in a cloud of scalding steam.
You die...

#.##### #...... ######. #####
#.
#########§..#################.
#......§'§..'@D...............
#.#######§§.##########.....###
#.# #>..# #......# #.#
#############......# ###.#
#######......##<.....### #...#
#....##......###........ #...#
#(...##......##.......>. #...#
#....###...####..#######
###.#####....###...####..# #


You could see a steam dragon (catching breath).

Vanquished Creatures
  A water moccasin (D:6)
  3 ice beasts
  A centaur (D:7)
  An ogre (D:6)
  6 scorpions
  A water moccasin skeleton (D:6)
  A water moccasin zombie (D:5)
  3 centaur zombies
  2 jellies (D:6)
  6 orc priests
  2 bullfrog skeletons
  2 centaur skeletons
  3 orc wizards
  A hound skeleton (D:5)
  Robin (D:4)
  A howler monkey zombie (D:7)
  3 gnolls (D:6)
  4 adders
  An adder skeleton (D:5)
  2 worms (D:3)
  3 dart slugs
  19 orcs
  7 ball pythons
  10 endoplasms
  2 giant cockroaches
  11 hobgoblins
  2 jackals (D:3)
  2 quokkas (D:2)
  7 bats
  7 frilled lizards
  14 goblins
  5 kobolds
  21 rats
155 creatures vanquished.

Vanquished Creatures (others)
  A giant cockroach (D:2)
1 creature vanquished.

Grand Total: 156 creatures vanquished

Notes
Turn   | Place    | Note
-------+----------+-------------------------------------------
     0 | D:1      | Redcow54321 the Minotaur Fighter began the quest for the
                  | Orb.
     0 | D:1      | Reached XP level 1. HP: 19/19 MP: 0/0
   145 | D:1      | Reached skill level 3 in Axes
   525 | D:1      | Reached XP level 2. HP: 22/26 MP: 1/1
   806 | D:1      | Got Unoedasy's Reference Book on Cloudy Transmigration
   969 | D:1      | Reached skill level 4 in Axes
  1138 | D:1      | Found a faded altar of an unknown god.
  1152 | D:1      | Got Plato's Guide on Clay
  1491 | D:2      | Reached XP level 3. HP: 30/31 MP: 2/2
  2018 | D:2      | Reached skill level 5 in Axes
  2321 | D:2      | Reached XP level 4. HP: 39/39 MP: 3/3
  3795 | D:4      | Reached skill level 6 in Axes
  3908 | D:4      | Noticed Robin
  3918 | D:4      | Killed Robin
  3919 | D:4      | Reached XP level 5. HP: 33/45 MP: 4/4
  4137 | D:4      | Reached skill level 7 in Axes
  4288 | D:4      | Identified the ring "Remaac" {rCorr EV+4}
  4298 | D:4      | Found a radiant altar of Vehumet.
  4301 | D:4      | Reached XP level 6. HP: 51/51 MP: 5/5
  4357 | D:4      | Found a bloodstained altar of Trog.
  4363 | D:4      | Identified the ring of Amelioration {rN+ rCorr Str+2}
  4465 | D:5      | Entered Level 5 of the Dungeon
  4490 | D:5      | Noticed AttackTheMoon's ghost (weakling OpDe)
  4505 | D:5      | Found a transporter.
  4561 | D:5      | Found a staircase to the Ecumenical Temple.
  4561 | D:5      | Noticed an ice beast
  4565 | D:5      | Killed an ice beast
  4566 | D:5      | Reached skill level 8 in Axes
  5152 | D:5      | Reached skill level 9 in Axes
  5171 | D:5      | Reached XP level 7. HP: 38/57 MP: 6/6
  5544 | D:5      | Reached skill level 10 in Axes
  5711 | D:5      | Found a transporter.
  5739 | D:5      | Noticed an ancient zyme
  6002 | D:5      | Found a one-way gate to the infinite horrors of the Abyss.
  6435 | D:6      | Reached skill level 11 in Axes
  6613 | D:6      | Reached XP level 8. HP: 64/64 MP: 7/7
  6924 | D:6      | Noticed Blork the orc
  7066 | D:6      | Reached skill level 12 in Axes
  7498 | D:6      | Found a shimmering blue altar of Sif Muna.
  7974 | D:7      | Gained mutation: You expend magic power (3 MP) to
                  | strengthen your wands. [potion of mutation]
  7974 | D:7      | Gained mutation: Your body sometimes deteriorates upon
                  | taking damage. [potion of mutation]
  7974 | D:7      | Gained mutation: A frigid envelope surrounds you and
                  | freezes all who hurt you. [potion of mutation]
  7975 | D:7      | Lost mutation: Your body sometimes deteriorates upon taking
                  | damage. [potion of mutation]
  7975 | D:7      | Lost mutation: You expend magic power (3 MP) to strengthen
                  | your wands. [potion of mutation]
  7975 | D:7      | Gained mutation: You occasionally shout uncontrollably at
                  | your foes. [potion of mutation]
  7975 | D:7      | Gained mutation: Your magical capacity is low. (-10% MP)
                  | [potion of mutation]
  8077 | D:7      | Reached skill level 13 in Axes
  8334 | D:7      | HP: 3/64 [steam dragon] (4)]
  8335 | D:7      | Engulfed by a steam dragon's steam

Illustrated notes

Levels and vault maps discovered:
D:1:      elethiomel_arrival_infinity_welcomes_careful_drivers,
          layout_loops_ring, shapermc_ecumenical_altar_rom_forum
D:2:      layout_loops_ring, minmay_rat_hole
D:3:      layout_basic, nicolae_concentric_dashed_squares_mild
D:4:      layout_rooms, trog_book, kennysheep_little_box, uniq_robin
D:5:      layout_loops_corners, temple_fountains, gammafunk_ghost_abyssal_escape
D:6:      layout_loops_ring, tgw_sif
D:7:      layout_basic, hangedman_abyss_or_decor_stabs, minmay_diced_spiral

Skill      XL: |  1  2  3  4  5  6  7  8 |
---------------+-------------------------+-----
Axes           | 3 4 5 6 7 9 11 13 | 13.5
Fighting       | |  3.6
Armour         | |  3.6
Shields        | |  3.6

Action                   |  1- 3 |  4- 6 |  7- 9 || total
-------------------------+-------+-------+-------++-------
Melee: War axe           |   109 |   118 |   151 ||   378
       Headbutt          |    10 |    22 |    31 ||    63
  Use: Potion            |       |       |     8 ||     8
       Scroll            |       |       |     4 ||     4
Armor: Scale mail        |     5 |       |       ||     5
       Ring mail         |    52 |    38 |    49 ||   139
Dodge: Dodged            |    71 |    63 |    88 ||   222

Table legend: (Time is in decaauts)
 A = Elapsed time spent in this place.
 B = Non-inter-level travel time spent in this place.
 C = Inter-level travel time spent in this place.
 D = Time resting spent in this place.
 E = Time spent auto-exploring this place.
 F = Levels seen in this place.
 G = Mean time per level.
                   A        B        C        D        E       F      G
               +--------+--------+--------+--------+--------+-----+--------+
         Total |   8372 |   8111 |    261 |    483 |   6552 |   7 | 1196.0 |
       Dungeon |   8372 |   8111 |    261 |    483 |   6552 |   7 | 1196.0 |
               +--------+--------+--------+--------+--------+-----+--------+

Top non-repeatable levels by time:
     D:6: 1798 daAuts
     D:5: 1702 daAuts
     D:1: 1491 daAuts
     D:3: 1337 daAuts
     D:2: 975 daAuts
     D:4: 707 daAuts
     D:7: 359 daAuts
